 Dungeon Crawl Stone Soup version 0.27.0-1-g7a089689b8 (webtiles) character file.

Game seed: 16954435811954789785

1 Tiocfaidh the Cutter (level 1, 0/11 HPs)
             Began as a Vine Stalker Chaos Knight on Aug 4, 2021.
             Was a Plaything of Xom.
             Slain by a jackal (3 damage)
             ... on level 1 of the Dungeon.
             The game lasted 00:00:20 (77 turns).

Tiocfaidh the Cutter (Vine Stalker Chaos Knight)      Turns: 77, Time: 00:00:20

Health: 0/11       AC:  5    Str: 14    XL:     1   Next: 20%
Magic:  0/2        EV: 11    Int: 12    God:    Xom [..*...]
Gold:   6          SH:  0    Dex: 13    Spells: 0/0 levels left

rFire    . . .     SeeInvis .   a - +0 short sword (chaos)
rCold    . . .     Faith    .   (no shield)
rNeg     . . .     Spirit   +   b - +2 leather armour
rPois    .         Reflect  .   (no helmet)
rElec    .         Harm     .   (no cloak)
rCorr    .         Rampage  .   (no gloves)
Will     +....                  (no boots)
Stlth    +.........             (no amulet)
HPRegen  0.03/turn              c - ring of willpower
MPRegen  0.08/turn              (no ring)

@: no status effects
A: fangs 2, magic shield, antimagic bite, no potion heal 2
a: Renounce Religion


You were on level 1 of the Dungeon.
You worshipped Xom.
You were a toy of Xom.
You visited 1 branch of the dungeon, and saw 1 of its levels.

You collected 6 gold pieces.

Inventory:

Hand Weapons
 a - a +0 short sword of chaos (weapon)
Armour
 b - a +2 leather armour (worn)
Jewellery
 c - a ring of willpower (left hand)
Potions
 d - a potion of heal wounds {unknown}


   Skills:
 + Level 2.6 Fighting
 + Level 2.6 Short Blades
 + Level 1.7 Armour
 + Level 0.7 Dodging


You couldn't memorise any spells.
You didn't know any spells.
Your spell library was empty.

Dungeon Overview and Level Annotations

Branches:
Dungeon (1/15)

Altars:


Innate Abilities, Weirdness & Mutations

You have extremely sharp teeth.
When hurt, damage is shared between your health and your magic reserves.
Your bite disrupts and absorbs the magic of your enemies.
Potions cannot restore your health.


Message History

You miss the jackal. You bite the jackal. You drain its power.
The jackal is lightly wounded.
The jackal bites you but does no damage.
You hit the jackal but do no damage. Your bite misses the jackal.
The jackal is lightly wounded.
You hit the jackal.
The jackal goes berserk!
Xom thinks this is hilarious!
The jackal is severely wounded.
The jackal bites you.
You hit the jackal.
The jackal suddenly seems more agile.
Your bite misses the jackal.
The jackal is almost dead.
The jackal bites you but does no damage.
The jackal barely misses you.
You closely miss the jackal. Your bite misses the jackal.
The jackal is almost dead.
The jackal bites you. The jackal closely misses you.
You closely miss the jackal. Your bite misses the jackal.
The jackal is almost dead.
The jackal bites you. The jackal barely misses you.
You miss the jackal. You bite the jackal.
You kill the jackal!
You closely miss the jackal. Your bite misses the jackal.
The jackal is lightly wounded.
The jackal bites you but does no damage. x2
You closely miss the jackal.
The jackal is lightly wounded.
The jackal completely misses you.
You hit the jackal but do no damage. Your bite misses the jackal.
The jackal is lightly wounded.
The jackal barely misses you.
You barely miss the jackal. Your bite misses the jackal.
The jackal is lightly wounded.
The jackal bites you but does no damage.
You hit the jackal but do no damage.
The jackal is lightly wounded.
The jackal bites you.
* * * LOW HITPOINT WARNING * * *
The jackal bites you.
You die...

### #.. #.# ###.#
...####### .........
#######........
#...@hhw.......
#.######.......
#..............
##...###.......
#...# .......
#...###.......
#.....#.......
#.....#.......
#.....#.############


You could see a dart slug and 2 jackals.

Vanquished Creatures
  A jackal (D:1)
1 creature vanquished.

Notes
Turn   | Place    | Note
-------+----------+-------------------------------------------
     0 | D:1      | Tiocfaidh the Vine Stalker Chaos Knight began the quest for
                  | the Orb.
     0 | D:1      | Reached XP level 1. HP: 11/11 MP: 2/2
    77 | D:1      | Slain by a jackal

Illustrated notes

Levels and vault maps discovered:
D:1:      amcnicky_arrival_flooded_fountain, layout_basic

Action                   || total
-------------------------++-------
Melee: Short sword       ||    12
       Bite              ||     2
Armor: Leather armour    ||     6
Dodge: Dodged            ||     6
